 Dungeon Crawl Stone Soup version 0.28-a0-425-gd0eccab798 (webtiles) character file.

Game seed: 17676415543430414399

7318 freelancePsychic the Thaumaturge (level 11, -10/84 HPs)
             Began as a Djinni Fire Elementalist on Sept 9, 2021.
             Was an Initiate of Gozag.
             Shot with a bolt by a yaktaur (23 damage)
             ... on level 10 of the Dungeon.
             The game lasted 00:16:41 (8549 turns).

freelancePsychic the Thaumaturge (DjFE)             Turns: 8549, Time: 00:16:42

Health: -10/84     AC:  7    Str:  7      XL:     11   Next: 35%
Gold:   554        EV: 14    Int: 26 (28) God:    Gozag SH:  4 Dex: 11 (14)

rFire   + + +      SeeInvis .   e - staff of fire
rCold   . . .      Faith    .   a - +0 buckler "Ufeclis" {Rampage Regen+ Str+3 Slay+2}
rNeg    . . .      Spirit   .   x - +0 ring mail of Creativity {Regen+ Str-3 Int+8 Slay+4}
rPois   ∞          Reflect  .   (no helmet)
rElec   .          Harm     .   w - +0 cloak
rCorr   .          Rampage  +   (no gloves)
Will    +....                   (boots unavailable)
Stlth   +.........              (no amulet)
HPRegen 2.24/turn               l - +4 ring of evasion
MPRegen 0.00/turn               g - ring of protection from cold

@: gold aura, flying
A: sickness immunity, fire resistance 2, cold vulnerability 1, float, innate
caster, hp casting, extra vitality 1
a: Renounce Religion, Potion Petition, Call Merchant, Bribe Branch


You were on level 10 of the Dungeon.
You worshipped Gozag.
Gozag was pleased with you.
You visited 2 branches of the dungeon, and saw 11 of its levels.
You also visited: Ossuary.

You collected 1196 gold pieces.
You spent 288 gold pieces at shops.
You paid 354 gold pieces to Gozag.

Inventory:

Armour
 a - the +0 buckler "Ufeclis" (worn) {Rampage Regen+ Str+3 Slay+2}
   (You bought it in a shop on level 1 of the Dungeon)

   Str:       It affects your strength (+3).
   Slay:      It affects your accuracy & damage with ranged weapons and melee
   (+2).
   Regen:     It increases your rate of health regeneration.
   Rampage:   It bestows one free step when moving towards enemies.
 n - the -6 hat of Xounlajurui {*Corrode rC- rN+++ Regen+}
   (You acquired it in an ossuary)

   rC:        It makes you vulnerable to cold.
   rN:        It renders you almost immune to negative energy.
   Regen:     It increases your rate of health regeneration.
   *Corrode:  It may corrode you when you take damage.
 w - a +0 cloak (worn)
 x - the +0 ring mail of Creativity (worn) {Regen+ Str-3 Int+8 Slay+4}
   (You found it on level 4 of the Dungeon)

   Str:       It affects your strength (-3).
   Int:       It affects your intelligence (+8).
   Slay:      It affects your accuracy & damage with ranged weapons and melee
   (+4).
   Regen:     It increases your rate of health regeneration.
Magical Staves
 e - a staff of fire (weapon)
Jewellery
 d - a ring of resist corrosion
 g - a ring of protection from cold (right hand)
 l - a +4 ring of evasion (left hand)
Wands
 y - a wand of mindburst (13)
 F - a wand of digging (6)
Scrolls
 b - 4 scrolls of fog
 c - 3 scrolls of teleportation {@r4}
 j - 2 scrolls of immolation
 p - 2 scrolls of holy word
 q - a scroll of enchant armour
 s - 2 scrolls of magic mapping
 z - a scroll of enchant weapon
 C - a scroll of identify {@r1}
Potions
 f - 10 potions of curing {@q1}
 h - a potion of invisibility {unknown}
 i - 2 potions of attraction {unknown}
 k - a potion of magic {unknown}
 m - 2 potions of degeneration
 r - 2 potions of heal wounds {unknown}
 t - 3 potions of haste {unknown}
 u - 2 potions of might {unknown}
 v - a potion of mutation {unknown}
 A - a potion of lignification {unknown}
 B - a potion of brilliance {unknown}
 E - a potion of flight {unknown}


   Skills:
 + Level 9.0 Fighting
 + Level 4.6 Armour
 - Level 2.1 Dodging
 - Level 1.5 Stealth
 - Level 4.0 Shields
 * Level 10.1 Spellcasting


You had 3 spell levels left.
You knew the following spells:

 Your Spells              Type           Power      Damage    Failure   Level
a - Foxfire               Conj/Fire      100%       2x1d9     1%          1
b - Scorch                Fire           100%       2d10      1%          2
c - Inner Flame           Hex/Fire       78%        N/A       1%          3
d - Poisonous Vapours     Pois/Air       100%       N/A       1%          2
e - Flame Wave            Conj/Fire      78%        3d13      2%          4
f - Summon Small Mammal   Summ           100%       N/A       1%          1
g - Conjure Flame         Conj/Fire      78%        6-21      1%          3
h - Spider Form           Tmut/Pois      30%        N/A       1%          3
i - Portal Projectile     Hex/Tloc       100%       N/A       1%          3
j - Blade Hands           Tmut           30%        N/A       6%          5
Your spell library was empty.

Dungeon Overview and Level Annotations

Branches:
Dungeon (11/15)            Temple (1/1) D:4         Ossuary (visited)
   Lair: D:8-11         Orc: D:9-12

Altars:
Ashenzari
Cheibriados
Dithmenos
Elyvilon
Gozag
Hepliaklqana
Kikubaaqudgha
Makhleb
Nemelex Xobeh
Okawaru
Qazlal
Ru
Sif Muna
Trog
Uskayaw
Vehumet
Wu Jian
Xom
Yredelemnul
Zin
The Shining One

Shops:
D:1 *[:

Annotations:
D:7 3 runed translucent doors, mordus's ghost, novice DjCj


Innate Abilities, Weirdness & Mutations

You are immune to sickness and miasma.
You are immune to poison.
Your flesh is very heat resistant. (rF++)
You are vulnerable to cold. (rC-)
You float through the air rather than walking.
You learn spells naturally, not from books.
Your magical power is your life essence.
You have superior vitality. (+4 HP)


Message History

Nergalle hits your two-headed ogre with a +0 dagger.
Your gnoll sergeant completely misses Nergalle.
The komodo dragon bites your two-headed ogre.
Nergalle casts a spell at your two-headed ogre.
Your two-headed ogre is surrounded by Orcish apparitions.
Your orc barely misses the yaktaur.
Your gnoll hits Nergalle with a +0 halberd.
Your gnoll sergeant hits Nergalle with a +0 trident.
The yaktaur shoots a bolt.
The bolt barely misses your orc. The bolt hits your gnoll!!
The bolt freezes your gnoll.
Your gnoll dies!
Your gnoll's corpse dissolves into shadows!
Your orc hits the yaktaur with a +0 club.
Your two-headed ogre hits the komodo dragon with a +0 giant club!! x2
The komodo dragon dies!
Your gnoll hits Nergalle with a +0 halberd.
Your orc hits the yaktaur but does no damage.
Something barely misses your two-headed ogre.
Something hits your two-headed ogre.
Your gnoll sergeant closely misses Nergalle.
Your Spellcasting skill increases to level 10!
The yaktaur shoots a bolt.
The bolt hits you!
* * * LOW HITPOINT WARNING * * *
The bolt freezes you.
* * * LOW HITPOINT WARNING * * *
Nergalle is distracted by your dazzling golden aura.
Your orc hits the yaktaur but does no damage.
Your gnoll hits Nergalle with a +0 halberd.
Nergalle is no longer distracted by gold.
Something closely misses your two-headed ogre.
Your orc hits the yaktaur with a +0 dagger.
Your orc warrior hits Nergalle with a +0 scimitar!!
Nergalle dies!
You feel your strength returning.
Your Fighting skill increases to level 9!
Your orc hits the yaktaur with a +0 dagger.
The yaktaur shoots a bolt.
The bolt barely misses your orc wizard. The bolt hits you!!
You die...
Your body crumbles into a pile of gold.

##### ..... .... ... #########.#
#......$..# .##.........#
............# .......
.......@....#### .......
.......g.g.....##.......
...###.$o.g.8........... ..
##O##..............
..§§#.ooo..........
#....'.#...§.#.oc........... #.
#....#.#....§#..)...........
#...#....#.#.....#........###...
#...#....#.#.....#..)......#


You could see a yaktaur (ally target), a friendly two-headed ogre (summoned), a
friendly orc warrior (summoned), a friendly gnoll sergeant (summoned), a
friendly orc wizard (summoned, invisible), 2 friendly gnolls and 3 friendly
orcs.

Vanquished Creatures
  2 two-headed ogres (D:10)
  A komodo dragon (D:10)
  2 trolls
  A wyvern (D:7)
  A vampire (D:10)
  A wraith (D:10)
  A vampire mosquito (D:10)
  A steam dragon (D:7)
  An acid dragon (D:10)
  A water moccasin (D:7)
  An orc warrior (D:10)
  3 black bears
  2 sky beasts (D:7)
  2 ice beasts (D:6)
  2 centaurs
  4 ogres
  A phantom (D:5)
  4 kobold brigands
  A bullfrog (D:7)
  2 scorpions
  A water moccasin zombie (D:5)
  A water moccasin skeleton (D:4)
  4 wights
  A howler monkey (D:5)
  4 centaur zombies
  3 hounds
  5 orc priests
  2 bullfrog skeletons (D:6)
  A jelly (D:4)
  A centaur skeleton (D:5)
  An iguana (D:6)
  4 orc wizards
  A hound skeleton (D:5)
  8 mummies (Ossuary)
  5 gnolls
  16 adders
  A howler monkey skeleton (D:7)
  2 shadow imps
  5 worms
  2 dart slugs
  22 orcs
  A bat (D:1)
  6 endoplasms
  3 giant cockroaches
  A gnoll zombie (Ossuary)
  8 goblins
  4 hobgoblins
  20 kobolds
  3 quokkas
  10 ball pythons
  2 frilled lizards
  A hobgoblin zombie (Ossuary)
  4 kobold zombies (Ossuary)
  2 orc zombies (Ossuary)
  A rat (D:1)
190 creatures vanquished.

Vanquished Creatures (collateral kills)
  Nergalle (D:10)
  A komodo dragon (D:10)
2 creatures vanquished.

Vanquished Creatures (others)
  379 foxfires
  17 plants (D:10)
396 creatures vanquished.

Grand Total: 588 creatures vanquished

Notes
Turn   | Place    | Note
-------+----------+-------------------------------------------
     0 | D:1      | freelancePsychic the Djinni Fire Elementalist began the
                  | quest for the Orb.
     0 | D:1      | Reached XP level 1. HP: 15/15 MP: 0/0
     0 | D:1      | Found Raepro's Armour Shoppe.
   187 | D:1      | Reached XP level 2. HP: 18/22 MP: 0/0
   285 | D:1      | Found Rukaxiot's Book Boutique.
   437 | D:1      | Found a faded altar of an unknown god.
   567 | D:1      | Reached skill level 1 in Fighting
   837 | D:1      | Found Gykaanuw's General Store.
  1059 | D:2      | Reached XP level 3. HP: 23/27 MP: 0/0
  1059 | D:2      | Learned a level 1 spell: Summon Small Mammal
  1149 | D:2      | Reached skill level 3 in Spellcasting
  1260 | D:2      | Identified a scroll of acquirement
  1261 | D:2      | Acquired a staff of fire
  1509 | D:2      | Reached XP level 4. HP: 18/33 MP: 0/0
  2164 | D:2      | Reached XP level 5. HP: 33/38 MP: 0/0
  2164 | D:2      | Learned a level 2 spell: Poisonous Vapours
  2502 | D:2      | Reached skill level 4 in Spellcasting
  2871 | D:3      | You are sucked into a shaft and drop 3 floors!
  2942 | D:6      | Reached XP level 6. HP: 41/45 MP: 0/0
  2942 | D:6      | Noticed an ogre
  2945 | D:6      | Killed an ogre
  2977 | D:6      | Noticed an ice beast
  2984 | D:6      | Killed an ice beast
  2985 | D:6      | Reached XP level 7. HP: 39/50 MP: 0/0
  2985 | D:6      | Learned a level 3 spell: Spider Form
  2990 | D:6      | Reached skill level 5 in Spellcasting
  3118 | D:6      | Found a sand-covered staircase.
  3180 | Ossuary  | Entered an ossuary
  3629 | D:5      | Entered Level 5 of the Dungeon
  3634 | D:5      | Reached XP level 8. HP: 42/58 MP: 0/0
  3775 | D:6      | Reached skill level 6 in Spellcasting
  3937 | D:5      | Reached skill level 5 in Fighting
  4415 | D:4      | Identified the +0 ring mail of Creativity {Regen+ Str-3
                  | Int+8 Slay+4}
  4762 | D:1      | Bought the +0 buckler "Ufeclis" {Rampage Regen+ Str+3
                  | Slay+2} for 288 gold pieces
  5823 | D:4      | Found a staircase to the Ecumenical Temple.
  5961 | Temple   | Entered the Ecumenical Temple
  6232 | Temple   | Became a worshipper of Gozag Ym Sagoz the Greedy
  6320 | D:5      | Found a hazy altar of Hepliaklqana.
  6338 | D:5      | Reached skill level 1 in Shields
  6389 | D:5      | Reached XP level 9. HP: 51/65 MP: 0/0
  6389 | D:5      | Learned a level 3 spell: Portal Projectile
  6411 | D:5      | Reached skill level 7 in Spellcasting
  6519 | D:5      | Found a glowing golden altar of the Shining One.
  6615 | D:6      | Found a sparkling altar of Nemelex Xobeh.
  7024 | D:7      | Found a runed translucent gate.
  7024 | D:7      | Noticed mordus's ghost (novice DjCj)
  7157 | D:7      | Acquired the -6 hat of Xounlajurui {*Corrode rC- rN+++
                  | Regen+}
  7196 | D:7      | Found a runed translucent gate.
  7197 | D:7      | Found a runed translucent gate.
  7638 | D:7      | Reached skill level 8 in Spellcasting
  7638 | D:7      | Noticed a troll
  7648 | D:7      | Killed a troll
  7649 | D:7      | Reached XP level 10. HP: 73/75 MP: 0/0
  8313 | D:8      | You are sucked into a shaft and drop 3 floors!
  8355 | D:10     | Entered Level 10 of the Dungeon
  8365 | D:10     | Reached skill level 1 in Armour
  8381 | D:10     | Noticed a two-headed ogre
  8399 | D:10     | Killed a two-headed ogre
  8400 | D:10     | Reached skill level 9 in Spellcasting
  8414 | D:10     | Noticed a komodo dragon
  8422 | D:10     | Killed a komodo dragon
  8438 | D:10     | Noticed a two-headed ogre
  8450 | D:10     | Killed a two-headed ogre
  8453 | D:10     | Reached XP level 11. HP: 82/82 MP: 0/0
  8453 | D:10     | Learned a level 5 spell: Blade Hands
  8540 | D:10     | Noticed Nergalle
  8548 | D:10     | Reached skill level 10 in Spellcasting
  8548 | D:10     | Killed Nergalle
  8549 | D:10     | Shot with a bolt by a yaktaur

Illustrated notes

Levels and vault maps discovered:
D:1:      minmay_arrival_five_plusses, layout_rooms, serial_shops,
          nicolae_shop_trees, shop, shop_fountains,
          dreamdust_ecumenical_altar_angels_and_demons,
          chequers_serial_rivers_micro_c, hangedman_abyss_or_decor_lesser_grid
D:2:      layout_basic, serial_rivers, chequers_serial_rivers_small_b,
          chequers_serial_rivers_micro_c, chequers_serial_rivers_large_b,
          chequers_serial_rivers_small_a, chequers_serial_rivers_micro_c,
          chequers_serial_rivers_micro_b, minmay_snake_closets
D:3:      layout_rooms
D:4:      layout_layer_cave, minmay_temple_entry_poolview, hex_tiny
D:5:      cheibrodos_quashed, layout_cave_pools, mainiacjoe_overflow_swirl
D:6:      layout_loops_ring, mainiacjoe_overflow_small_starburst,
          lightli_ossuary_entry_decrepit_ruins
D:7:      layout_layer_cave, gammafunk_ghost_split,
          chequers_serial_rivers_room_b
D:8:      layout_loops_ring, dilly_guarded_unrand_elemental_staff
D:10:     hangedman_cross_cluster, layout_irregular_city,
          fedhas_bush_and_centaur_altar, david_lair_shrubbed,
          serial_column_ruins, column_ruins_temple_hall,
          column_ruins_hut_ruined, column_ruins_grid_1,
          column_ruins_columns_dead_end, column_ruins_open_medium,
          column_ruins_grid_2, column_ruins_open_medium,
          column_ruins_open_small, kennysheep_generic_room_16, uniq_nergalle
D:11:     layout_loops_ring
Temple:   hc_temple_tempest_star

Skill      XL: |  1  2  3  4  5  6  7  8  9 10 11 |
---------------+----------------------------------+-----
Fighting       | 1 2 3 4 5 7 8 9 |  9.0
Spellcasting   | 3 4 5 6 8 9 10 | 10.1
Shields        | 1 4 |  4.0
Armour         | 3 4 |  4.6
Dodging        | |  2.1
Stealth        | |  1.5

Action                   |  1- 3 |  4- 6 |  7- 9 | 10-12 || total
-------------------------+-------+-------+-------+-------++-------
Melee: Unarmed           |     1 |       |       |       ||     1
 Cast: Foxfire           |    29 |    17 |   114 |    58 ||   218
       Scorch            |    21 |    38 |    99 |    30 ||   188
       Poisonous Vapours |       |     3 |       |       ||     3
       Flame Wave        |       |       |     8 |     7 ||    15
Invok: Potion Petition   |       |       |       |     1 ||     1
  Use: Scroll            |     5 |     3 |     6 |     3 ||    17
       Potion            |       |       |       |     2 ||     2
Armor: Robe              |     3 |     1 |     3 |       ||     7
       Ring mail         |       |       |     8 |    11 ||    19
Dodge: Dodged            |     4 |    10 |    38 |    17 ||    69
Block: Buckler           |       |       |     7 |     8 ||    15

Table legend: (Time is in decaauts)
 A = Elapsed time spent in this place.
 B = Non-inter-level travel time spent in this place.
 C = Inter-level travel time spent in this place.
 D = Time resting spent in this place.
 E = Time spent auto-exploring this place.
 F = Levels seen in this place.
 G = Mean time per level.
                   A        B        C        D        E       F      G
               +--------+--------+--------+--------+--------+-----+--------+
         Total |   8552 |   8032 |    520 |    259 |   6510 |  12 |  712.7 |
       Dungeon |   7883 |   7421 |    462 |    259 |   6025 |  10 |  788.3 |
        Temple |    298 |    240 |     58 |      0 |    194 |   1 |  298.0 |
       Ossuary |    370 |    370 |      0 |      0 |    291 |   1 |  370.0 |
               +--------+--------+--------+--------+--------+-----+--------+

Top non-repeatable levels by time:
     D:2: 1728 daAuts
     D:4: 1283 daAuts
     D:7: 1249 daAuts
     D:6: 1028 daAuts
     D:1: 1021 daAuts
     D:5: 861 daAuts
     D:3: 432 daAuts
 Ossuary: 370 daAuts
  Temple: 298 daAuts
    D:10: 193 daAuts
     D:8: 41 daAuts
    D:11: 41 daAuts
